[Event "Titled Tuesday Blitz November 15 Early 2022"]
[White "Jaskolka, Tomasz"]
[Black "Demchenko, Anton"]
[WhiteFideId "1170791"]
[BlackFideId "4160258"]
[WhiteElo "2126"]
[BlackElo "2545"]
[Result "0-1"]
[Round "11"]
[TimeControl "180+1"]
[Date "2022.11.16"]
[WhiteClock "0:00:19"]
[BlackClock "0:00:15"]

1. d4 Nf6 2. Bf4 b6 3. e3 Bb7 4. Nf3 g6 5. c3 Bg7 6. Nbd2 O-O 7. Bd3 d6 8. e4 e5 9. Be3 Ng4 10. Qe2 Nxe3 11. Qxe3 exd4 12. cxd4 c5 13. O-O Nc6 14. d5 Nb4 15. Rfb1 Re8 16. Bc4 Nc2 17. Qb3 Nxa1 18. Rxa1 a6 19. a4 Rb8 20. Re1 Bc8 21. e5 b5 22. axb5 axb5 23. e6 Re7 24. Bf1 fxe6 25. dxe6 d5 26. Qc2 Qd6 27. Ng5 Bxe6 28. Nxe6 Rxe6 29. Rxe6 Qxe6 30. Qxc5 Bxb2 31. Bxb5 Bd4 32. Qxd4 Rxb5 33. h3 Qd6 34. g3 Rb4 35. Qe3 Rb8 36. Nf3 Rf8 37. Kg2 Qf6 38. Qb3 Qd6 39. Qd3 h6 40. Qd4 Kh7 41. h4 Qe6 42. Ne5 Qf5 43. f4 Qe4+ 44. Qxe4 dxe4 45. Kf2 Ra8 46. Ke3 Ra3+ 47. Kxe4 Rxg3 48. Nf3 Kg7 49. Ne5 Kf6 50. Nd7+ Ke6 51. Nf8+ Ke7 52. Nh7 Kf7 53. f5 Kg7 54. fxg6 Rxg6 55. h5 Ra6 56. Kf5 Kxh7 0-1


[Site "https://www.chess.com"]

[Event "Titled Tuesday Blitz November 15 Early 2022"]
[White "Jiganchine, Roman"]
[Black "Avazkhonov, Alikhon"]
[WhiteFideId "2603667"]
[BlackFideId "14208504"]
[WhiteElo "2316"]
[BlackElo "1739"]
[Result "0-1"]
[Round "11"]
[TimeControl "180+1"]
[Date "2022.11.16"]
[WhiteClock "0:00:15"]
[BlackClock "0:00:19"]

1. e4 c5 2. Nf3 d6 3. Bb5+ Nd7 4. a4 a6 5. Be2 Ngf6 6. Nc3 e6 7. d4 cxd4 8. Qxd4 Be7 9. O-O O-O 10. Bg5 h6 11. Bh4 Qc7 12. Rfd1 b6 13. Bg3 e5 14. Qe3 Bb7 15. Nd2 Nc5 16. f3 Nh5 17. Bf2 Bg5 18. f4 Nxf4 19. Qf3 f5 20. Bc4+ Kh8 21. h4 fxe4 22. Qg4 Bf6 23. Be3 Rad8 24. Bf1 d5 25. a5 d4 26. axb6 Qxb6 27. Bxf4 exf4 28. Na4 Nxa4 29. Rxa4 d3+ 30. Kh1 dxc2 31. Nc4 Rxd1 32. Nxb6 Rxf1+ 33. Kh2 c1=Q 34. Nd7 Rh1# 0-1


[Site "https://www.chess.com"]

[Event "Titled Tuesday Blitz November 15 Early 2022"]
[White "Jobava, Baadur"]
[Black "Timofeev, Artyom"]
[WhiteFideId "13601520"]
[BlackFideId "4140419"]
[WhiteElo "2582"]
[BlackElo "2586"]
[Result "1-0"]
[Round "11"]
[TimeControl "180+1"]
[Date "2022.11.15"]
[WhiteClock "0:00:22"]
[BlackClock "0:00:15"]

1. b3 c5 2. Bb2 d6 3. e3 Nc6 4. Nf3 e5 5. c4 g6 6. d3 Bg7 7. Nbd2 Nge7 8. Be2 O-O 9. Rb1 h6 10. a3 a5 11. O-O Be6 12. Re1 f5 13. Bf1 Qd7 14. h3 Rae8 15. Qc2 g5 16. g3 f4 17. g4 b6 18. Bg2 Rf7 19. Ne4 Ref8 20. Qe2 Ng6 21. Nexg5 hxg5 22. Nxg5 Nce7 23. Nxf7 Rxf7 24. d4 Nh4 25. exf4 Rxf4 26. dxe5 d5 27. Bc1 Nxg2 28. Kxg2 Ng6 29. Qc2 Nh4+ 30. Kg3 Rf3+ 31. Kxh4 d4 32. Qe4 Qf7 33. Qa8+ Kh7 34. Qe4+ Kg8 35. Bg5 Bxe5 36. Qa8+ Kh7 37. Rxe5 Rxf2 38. Qe4+ 1-0


[Site "https://www.chess.com"]

[Event "Titled Tuesday Blitz November 15 Early 2022"]
[White "Johnson, Ben"]
[Black "Matveeva, Olga"]
[WhiteFideId "2010917"]
[BlackFideId "24107018"]
[WhiteElo "2141"]
[BlackElo "2055"]
[Result "0-1"]
[Round "11"]
[TimeControl "180+1"]
[Date "2022.11.16"]
[WhiteClock "0:00:01"]
[BlackClock "0:00:16"]

1. Nf3 Nf6 2. c4 g6 3. b3 Bg7 4. Bb2 O-O 5. g3 c5 6. Bg2 Nc6 7. O-O d6 8. Nc3 Bd7 9. Nd5 e6 10. Ne3 Qe7 11. Rb1 Rfd8 12. d4 cxd4 13. Nxd4 Nxd4 14. Bxd4 Bc6 15. Qc2 Rac8 16. Rfd1 Bxg2 17. Nxg2 b5 18. Qd3 bxc4 19. bxc4 Qc7 20. Rdc1 Rb8 21. Rb3 Nd7 22. Rcb1 Nc5 23. Bxc5 dxc5 24. Rxb8 Rxb8 25. Rxb8+ Qxb8 26. Qb3 Qd8 27. Nf4 h5 28. Nd3 Bf8 29. Qb5 h4 30. gxh4 Qxh4 31. Qc6 Qg4+ 32. Kf1 Qd4 33. Qb5 Qa1+ 34. Kg2 Qxa2 35. Nxc5 Qxe2 36. Nd7 Qe4+ 37. Kg1 Kg7 38. Qb8 Be7 39. c5 Qe1+ 40. Kg2 Qe4+ 41. Kg1 Qg4+ 42. Kf1 Qd1+ 43. Kg2 Qxd7 44. Qb4 Qc6+ 45. Kg3 Qxc5 46. Qxc5 Bxc5 0-1


[Site "https://www.chess.com"]

[Event "Titled Tuesday Blitz November 15 Early 2022"]
[White "Jones, Gawain C B"]
[Black "Abdusattorov, Nodirbek"]
[WhiteFideId "409561"]
[BlackFideId "14204118"]
[WhiteElo "2657"]
[BlackElo "2665"]
[Result "1-0"]
[Round "11"]
[TimeControl "180+1"]
[Date "2022.11.15"]
[WhiteClock "0:00:07"]
[BlackClock "0:00:04"]

1. Nf3 d5 2. g3 Nc6 3. d4 Bf5 4. Bg2 Nb4 5. Na3 e6 6. O-O Be7 7. Ne5 Nf6 8. c3 Nc6 9. Qa4 O-O 10. Nxc6 bxc6 11. Qxc6 h5 12. c4 Rb8 13. cxd5 exd5 14. h4 Ne4 15. Nc2 Rb6 16. Qa4 Bd7 17. Qa5 Bb5 18. Ne3 Bxe2 19. Nxd5 Rb5 20. Qxc7 Rxd5 21. Qxd8 Rdxd8 22. Re1 Rxd4 23. Be3 Rb4 24. Rxe2 Bf6 25. Bxa7 Ra4 26. Be3 Rc8 27. Rc1 Rxc1+ 28. Bxc1 Nc5 29. b3 Rd4 30. Bb2 Rd1+ 31. Kh2 Bxb2 32. Rxb2 Nd3 33. Rc2 g6 34. Be4 Ne5 35. Kg2 Ra1 36. b4 Kg7 37. Rb2 Nc4 38. Rc2 Na3 39. Re2 Nb5 40. Bd3 Nc3 41. Rb2 Nxa2 42. b5 Nc1 43. Bf1 Ra7 44. b6 Rb7 45. Ba6 Rb8 46. b7 Kf6 47. Rb1 Na2 48. Rb3 Ke5 49. Kf3 Kd4 50. Kf4 Nc3 51. Rb4+ Kd5 52. Kg5 Ne4+ 53. Kh6 Nc5 54. Bf1 Ke5 55. Bg2 Kf6 56. Kh7 Ne6 57. Rb6 Ke7 58. Bd5 Nf8+ 59. Kg7 Nd7 60. Rb2 Ne5 61. Re2 Kd6 62. Rd2 Ke7 63. f4 Ng4 64. Re2+ Kd6 65. Bxf7 Rxb7 66. Kxg6 Ra7 67. Re6+ Kc5 68. f5 Ra3 69. Kxh5 Rxg3 70. Rg6 Nf6+ 71. Rxf6 Kd4 72. Be6 Rh3 73. Kg4 Rh1 74. Rg6 Ke5 75. Kg5 Rg1+ 76. Kh6 Rh1 77. h5 Ra1 78. Bc8 Ra8 79. Rg8 Kf6 80. Be6 Ra7 81. Rf8+ Ke5 82. Kg6 Ra2 83. h6 Rg2+ 84. Kf7 Rh2 85. Kg7 1-0


[Site "https://www.chess.com"]

[Event "Titled Tuesday Blitz November 15 Early 2022"]
[White "Jumabayev, Rinat"]
[Black "Barria Zuniga, Daniel"]
[WhiteFideId "13702661"]
[BlackFideId "3400816"]
[WhiteElo "2561"]
[BlackElo "2414"]
[Result "1-0"]
[Round "11"]
[TimeControl "180+1"]
[Date "2022.11.15"]
[WhiteClock "0:00:14"]
[BlackClock "0:00:04"]

1. d4 g6 2. e4 Bg7 3. Nc3 c5 4. d5 d6 5. Bb5+ Bd7 6. Bd3 Nf6 7. a4 O-O 8. h3 e6 9. Nge2 exd5 10. exd5 Na6 11. O-O Nb4 12. Ng3 Nxd3 13. Qxd3 Re8 14. Bf4 Qb6 15. a5 Qc7 16. Qd2 a6 17. Rfe1 Rxe1+ 18. Rxe1 Qxa5 19. Bxd6 Qb6 20. Be5 Re8 21. Qf4 Qxb2 22. Rb1 Qxc2 23. Bxf6 Bxf6 24. Qxf6 b5 25. Rf1 b4 26. Qd6 Bxh3 27. Nce4 Rxe4 28. Nxe4 Qxe4 29. gxh3 Qf5 30. Qxc5 Qxh3 31. Qxb4 f5 32. d6 f4 33. Qxf4 1-0


[Site "https://www.chess.com"]

[Event "Titled Tuesday Blitz November 15 Early 2022"]
[White "Kaminski, Victor"]
[Black "Osiecki, Stanislaw"]
[WhiteFideId "1131630"]
[BlackFideId "1102990"]
[WhiteElo "2181"]
[BlackElo "2088"]
[Result "0-1"]
[Round "11"]
[TimeControl "180+1"]
[Date "2022.11.16"]
[WhiteClock "0:00:23"]
[BlackClock "0:01:13"]

1. e4 e6 2. Qe2 c5 3. Nf3 Nc6 4. g3 Nd4 5. Nxd4 cxd4 6. Bg2 Ne7 7. O-O Nc6 8. d3 Be7 9. f4 O-O 10. Nd2 b5 11. e5 Bb7 12. Ne4 Nb4 13. a3 Nd5 14. Bd2 Qb6 15. f5 exf5 16. Rxf5 Ne3 17. Bxe3 dxe3 18. c3 Bxe4 19. Bxe4 Rac8 20. d4 d6 21. Qxe3 dxe5 22. Rxe5 Bf6 23. Rf5 Rfe8 24. Qf3 Bxd4+ 25. Kg2 Bf6 26. Rf1 Qe6 27. Bd5 Qe2+ 28. Qxe2 Rxe2+ 29. R5f2 Rxf2+ 30. Rxf2 Kf8 31. a4 bxa4 32. c4 Rb8 33. c5 Rxb2 34. Rxb2 Bxb2 35. c6 Be5 36. Kf3 f5 37. Be6 a3 38. Ke3 Ke7 39. Ba2 Kd6 40. Kf3 Kxc6 41. h4 Kc5 42. Bg8 Kb4 43. Ke3 Kc3 44. Bxh7 a2 0-1


[Site "https://www.chess.com"]

[Event "Titled Tuesday Blitz November 15 Early 2022"]
[White "Kiseljova, Marya"]
[Black "Marcolino, Daniel Mattos"]
[WhiteFideId "4155009"]
[BlackFideId "2106841"]
[WhiteElo "1907"]
[BlackElo "2107"]
[Result "1-0"]
[Round "11"]
[TimeControl "180+1"]
[Date "2022.11.16"]
[WhiteClock "0:01:27"]
[BlackClock "0:00:58"]

1. d4 Nf6 2. c4 e6 3. g3 d5 4. Nf3 dxc4 5. Bg2 a6 6. O-O Nc6 7. e3 Rb8 8. a4 Be7 9. Qc2 b5 10. axb5 axb5 11. b3 O-O 12. bxc4 bxc4 13. Qxc4 Bd7 14. Nc3 Rb4 15. Qe2 Qb8 16. Ba3 Rb3 17. Bxe7 Nxe7 18. Rfc1 Qb4 19. Na2 Qb6 20. Qc4 Ra8 21. Nd2 Ra4 22. Qxb3 Qxb3 23. Nxb3 1-0


[Site "https://www.chess.com"]

[Event "Titled Tuesday Blitz November 15 Early 2022"]
[White "Kleiman, Jake"]
[Black "Biastoch, Bennet"]
[WhiteFideId "2020041"]
[BlackFideId "12939889"]
[WhiteElo "2602"]
[BlackElo "2221"]
[Result "1-0"]
[Round "11"]
[TimeControl "180+1"]
[Date "2022.11.16"]
[WhiteClock "0:01:21"]
[BlackClock "0:01:26"]

1. e4 c5 2. c3 Nf6 3. e5 Nd5 4. Bc4 e6 5. Nf3 d6 6. exd6 Bxd6 7. d4 cxd4 8. cxd4 Nc6 9. O-O b6 10. Bxd5 exd5 11. Re1+ Ne7 12. Nc3 O-O 13. Ne5 Be6 14. Bf4 Ng6 15. Nxg6 hxg6 16. Bxd6 Qxd6 17. Qd2 Bf5 18. Re5 Be6 19. Rae1 Rac8 20. Qd3 Qb4 21. R1e2 Rc4 22. Rd2 Rfc8 23. h3 a6 24. Nxd5 Rc1+ 25. Kh2 Qd6 26. Qg3 f6 27. Nxf6+ Kf7 28. Ne4 Qd7 29. Ng5+ 1-0


[Site "https://www.chess.com"]

[Event "Titled Tuesday Blitz November 15 Early 2022"]
[White "Kobo, Ori"]
[Black "Budrewicz, Krzysztof"]
[WhiteFideId "2812320"]
[BlackFideId "1127950"]
[WhiteElo "2772"]
[BlackElo "2623"]
[Result "1-0"]
[Round "11"]
[TimeControl "180+1"]
[Date "2022.11.16"]
[WhiteClock "0:00:04"]
[BlackClock "0:00:02"]

1. e4 g6 2. d4 Bg7 3. Nc3 d6 4. Nf3 a6 5. Be3 b5 6. Bd3 Nd7 7. a4 b4 8. Nb1 Bb7 9. a5 c5 10. c3 Ngf6 11. Nbd2 O-O 12. O-O cxd4 13. cxd4 d5 14. e5 Ne4 15. Qa4 Rb8 16. Qxb4 Bc6 17. Qa3 Bb5 18. Bxb5 Rxb5 19. Nxe4 dxe4 20. Nd2 f5 21. exf6 Nxf6 22. h3 Rf7 23. Rfc1 Bf8 24. Qa2 Qb8 25. Nc4 Nd5 26. Qb1 Nxe3 27. fxe3 Qb7 28. Rf1 Rxf1+ 29. Qxf1 Bh6 30. Qe2 Rg5 31. Ne5 Rg3 32. Qc4+ Kh8 33. Nf7+ Kg7 34. Nxh6 Kxh6 35. Qe2 Qb3 36. Re1 Rg5 37. Qf2 Kg7 38. Kh2 Rf5 39. Qh4 Rf6 40. Qxe4 Qxb2 41. Qxe7+ Rf7 42. Qe5+ Kh6 43. Qg3 Rf2 44. Qh4+ Kg7 45. Qg3 h5 46. d5 h4 47. Qc7+ Kh6 48. Rg1 Qf6 49. Kh1 Rf1 50. Rxf1 Qxf1+ 51. Kh2 Qe1 52. Qf4+ g5 53. Qf3 Qd2 54. Qf6+ Kh5 55. Qf7+ Kh6 56. Qe6+ Kh5 57. Qg4+ Kh6 58. e4 Qd4 59. Qe6+ Kh5 60. Qf7+ Kh6 61. Qf5 Qc5 62. Qf6+ Kh5 63. Qf7+ Kh6 64. Qf6+ Kh5 65. d6 Qxa5 66. e5 Qb4 67. Qf7+ Kh6 68. Qf6+ Kh5 69. d7 Qd2 70. d8=Q Qd7 71. Qxd7 g4 72. Qdf7# 1-0


[Site "https://www.chess.com"]

[Event "Titled Tuesday Blitz November 15 Early 2022"]
[White "Kosteniuk, Alexandra"]
[Black "Sanchez Enriquez, Oscar Gerardo"]
[WhiteFideId "4128125"]
[BlackFideId "5106311"]
[WhiteElo "2469"]
[BlackElo "2375"]
[Result "1-0"]
[Round "11"]
[TimeControl "180+1"]
[Date "2022.11.16"]
[WhiteClock "0:00:06"]
[BlackClock "0:00:15"]

1. e4 d6 2. d4 Nf6 3. Nc3 g6 4. Be3 c6 5. Nf3 Qa5 6. Qd2 Nbd7 7. Bd3 Bg7 8. Bh6 Bxh6 9. Qxh6 e5 10. dxe5 dxe5 11. O-O Qc5 12. Rad1 b5 13. Ne2 Qf8 14. Qd2 Qe7 15. Ng3 h6 16. a4 a6 17. Ra1 Bb7 18. axb5 cxb5 19. Rfe1 Nc5 20. Qc3 Nfd7 21. Bf1 O-O 22. Qe3 Kg7 23. c4 b4 24. Ra5 Rfc8 25. Rd1 Rc6 26. h3 Re8 27. Rd5 Rc7 28. Raxc5 Nxc5 29. Rxe5 Qf8 30. Qd4 Kh7 31. Rxe8 Qxe8 32. Qd2 a5 33. Qf4 Ne6 34. Qe5 Rc5 35. Qf6 Rc7 36. h4 Qe7 37. Qe5 Nc5 38. Qf4 Ne6 39. Qe3 Qc5 40. Qd2 h5 41. b3 Rc8 42. Qb2 Qe7 43. Qe5 Rc5 44. Qa1 Kg8 45. Qb2 Qd6 46. Qf6 Qd8 47. Qb2 Qa8 48. Qf6 Bxe4 49. Ne5 Rc7 50. f3 Bb7 51. Nxg6 fxg6 52. Qxe6+ Kg7 53. Qe5+ Kh6 54. Qxc7 a4 55. Qf4+ Kh7 56. bxa4 Qxa4 57. Qc7+ Kh6 58. Qxb7 b3 59. Ne4 Qe8 60. Ng5 Qh8 61. Qxb3 Qd4+ 62. Kh2 Qxh4+ 63. Nh3 Qd8 64. Qe3+ Kg7 65. Qg5 Qc7+ 66. Qg3 Qe7 67. Nf4 Kh6 68. Qxg6# 1-0


[Site "https://www.chess.com"]

[Event "Titled Tuesday Blitz November 15 Early 2022"]
[White "Kula, Robert"]
[Black "Korelskiy, Egor"]
[WhiteFideId "1101218"]
[BlackFideId "34329064"]
[WhiteElo "2184"]
[BlackElo "2043"]
[Result "0-1"]
[Round "11"]
[TimeControl "180+1"]
[Date "2022.11.16"]
[WhiteClock "0:00:18"]
[BlackClock "0:00:42"]

1. d4 d5 2. c4 e6 3. Nc3 c6 4. cxd5 exd5 5. Bf4 Bf5 6. e3 Bd6 7. Bxd6 Qxd6 8. Bd3 Bxd3 9. Qxd3 Nf6 10. Nf3 O-O 11. O-O Nbd7 12. a3 a6 13. b4 Rfe8 14. Na4 b5 15. Nc5 Nb6 16. Rfc1 Nc4 17. a4 Ne4 18. axb5 axb5 19. Rxa8 Rxa8 20. Nxe4 dxe4 21. Qxe4 h6 22. Rb1 Ra4 23. Qe8+ Kh7 24. Qxf7 Rxb4 25. Rd1 Ra4 26. h4 Qd5 27. Qe7 Qd6 28. Qe8 b4 29. e4 b3 30. e5 Qg6 31. h5 Qxe8 32. g4 b2 33. Kg2 Ra1 34. Rxa1 bxa1=Q 35. Nh4 Qd1 36. f3 Qxd4 37. Ng6 Nxe5 38. Nf4 Qxf4 39. g5 Qxf3+ 40. Kh2 Qexh5+ 41. Kg1 Qhh1# 0-1


[Site "https://www.chess.com"]

[Event "Titled Tuesday Blitz November 15 Early 2022"]
[White "Lauridsen, Jesper Morch"]
[Black "Kostiukov, Alexandr"]
[WhiteFideId "1401890"]
[BlackFideId "14108100"]
[WhiteElo "2229"]
[BlackElo "2202"]
[Result "0-1"]
[Round "11"]
[TimeControl "180+1"]
[Date "2022.11.16"]
[WhiteClock "0:00:09"]
[BlackClock "0:00:19"]

1. d4 g6 2. c4 Bg7 3. Nc3 d6 4. e4 e5 5. dxe5 dxe5 6. Qxd8+ Kxd8 7. f4 Nd7 8. Nf3 c6 9. fxe5 Nxe5 10. Bg5+ Kc7 11. O-O-O Be6 12. Bf4 f6 13. Bxe5+ fxe5 14. Ng5 Re8 15. Nxe6+ Rxe6 16. g3 Nf6 17. Bh3 Rd6 18. Rxd6 Kxd6 19. Rd1+ Ke7 20. c5 Rd8 21. b4 Rd4 22. a3 h5 23. Bc8 b6 24. Bb7 Kd7 25. b5 Kc7 26. bxc6 Rc4 27. Kb2 Rxc5 28. a4 a6 29. Bxa6 Kxc6 30. Bb5+ Kc7 31. Nd5+ Nxd5 32. Rxd5 Rxd5 33. exd5 Kd6 34. Be8 g5 35. Bxh5 Kxd5 36. Bg6 Kd4 37. Kc2 Ke3 38. h4 g4 39. h5 Kf3 40. Kd2 Kxg3 41. Ke3 Kh2 42. Be4 g3 43. Bd5 g2 44. Bxg2 Kxg2 45. Ke4 Kg3 46. h6 Bxh6 47. Kxe5 Bd2 48. Kd5 Ba5 49. Kc6 Kf3 50. Kb5 Ke3 51. Kc4 Kd2 52. Kb3 Kd3 0-1


[Site "https://www.chess.com"]

[Event "Titled Tuesday Blitz November 15 Early 2022"]
[White "Lehtosaari, Mauri"]
[Black "Leiva, Gianmarco"]
[WhiteFideId "501999"]
[BlackFideId "3804399"]
[WhiteElo "2493"]
[BlackElo "2286"]
[Result "0-1"]
[Round "11"]
[TimeControl "180+1"]
[Date "2022.11.16"]
[WhiteClock "0:00:10"]
[BlackClock "0:01:49"]

1. d4 Nf6 2. Nf3 g6 3. Bg5 Bg7 4. Nbd2 O-O 5. e3 b6 6. Bc4 Bb7 7. O-O d6 8. c3 Nbd7 9. a4 a6 10. Ba2 Qe8 11. Qc2 e5 12. dxe5 dxe5 13. Bh4 h6 14. Qxg6 Kh8 15. Qc2 Nh5 16. Rad1 f5 17. Qb3 Nc5 18. Qc2 Qg6 19. b4 Ne4 20. Ne1 Qg4 21. Be7 Rfe8 22. f3 Qg6 23. Bh4 Ng5 24. Bb1 e4 25. f4 Nh3+ 26. Kh1 Qg4 27. Bf2 Nxf2+ 28. Rxf2 Rad8 29. Ba2 Rd6 30. Bf7 Red8 31. Bxh5 Qxh5 32. Rf1 Qe2 33. Kg1 Rxd2 34. Rxd2 Rxd2 35. Qxd2 Qxd2 0-1


[Site "https://www.chess.com"]

[Event "Titled Tuesday Blitz November 15 Early 2022"]
[White "Levitan, Caleb Levi"]
[Black "Dias, Joao Batista"]
[WhiteFideId "14332620"]
[BlackFideId "2108240"]
[WhiteElo "1963"]
[BlackElo "1898"]
[Result "1-0"]
[Round "11"]
[TimeControl "180+1"]
[Date "2022.11.16"]
[WhiteClock "0:01:57"]
[BlackClock "0:02:34"]

1. e4 e5 2. Nf3 Nc6 3. Bb5 Nd4 4. Nxd4 exd4 5. d3 c6 6. Bc4 Nf6 7. O-O Be7 8. f4 d6 9. f5 O-O 10. Bg5 Nd7 11. Bxe7 Qxe7 12. Nd2 Kh8 13. Nf3 Qf6 14. Qe1 b5 15. Bb3 a5 16. a4 Nc5 17. axb5 Nxb3 18. cxb3 cxb5 19. Rxa5 Rxa5 20. Qxa5 d5 21. e5 Qxf5 22. Qxb5 Be6 23. Qc5 Qf4 24. Qxf8# 1-0


[Site "https://www.chess.com"]

[Event "Titled Tuesday Blitz November 15 Early 2022"]
[White "Liu, Xiangyi"]
[Black "Calcada, Lucas Galvan"]
[WhiteFideId "8605718"]
[BlackFideId "22746099"]
[WhiteElo "2323"]
[BlackElo "1523"]
[Result "0-1"]
[Round "11"]
[TimeControl "180+1"]
[Date "2022.11.16"]
[WhiteClock "0:00:23"]
[BlackClock "0:00:42"]

1. e4 c5 2. Nf3 d6 3. g3 g6 4. Bg2 Bg7 5. O-O Nf6 6. c3 O-O 7. Re1 e5 8. d4 Qc7 9. dxe5 dxe5 10. Bg5 h6 11. Bxf6 Bxf6 12. Na3 Be6 13. Qe2 a6 14. Nc4 Nc6 15. Ne3 Ne7 16. c4 Nc6 17. Nd5 Bxd5 18. exd5 Nd4 19. Qd2 Bg7 20. Re3 f5 21. Rae1 e4 22. Nxd4 cxd4 23. Rb3 Qxc4 24. d6 b5 25. Rb4 Qc5 26. d7 Rad8 27. Rc1 Qd6 28. a4 bxa4 29. Rbc4 Qxd7 30. Rc6 Rc8 31. Rxg6 Rxc1+ 32. Qxc1 d3 33. Bf1 Rc8 34. Qd2 Kh7 35. Rxa6 Rc2 36. Qd1 Qd4 0-1


[Site "https://www.chess.com"]

[Event "Titled Tuesday Blitz November 15 Early 2022"]
[White "Madaminov, Mukhiddin"]
[Black "Hambleton, Aman"]
[WhiteFideId "14210703"]
[BlackFideId "2606577"]
[WhiteElo "2341"]
[BlackElo "2538"]
[Result "1-0"]
[Round "11"]
[TimeControl "180+1"]
[Date "2022.11.15"]
[WhiteClock "0:00:32"]
[BlackClock "0:00:02"]

1. d4 Nf6 2. Nc3 d5 3. Bf4 a6 4. e3 e6 5. g4 Bd6 6. g5 Ng8 7. Bd3 Bxf4 8. exf4 Qd6 9. Qd2 c5 10. Nf3 Nc6 11. dxc5 Qxc5 12. O-O-O Nge7 13. h4 Bd7 14. a3 O-O-O 15. h5 h6 16. Rdg1 Kb8 17. gxh6 gxh6 18. Rg7 Be8 19. Kb1 Nd4 20. Qe3 Nec6 21. Ne2 Qf8 22. Rhg1 Nxf3 23. Qxf3 Qc5 24. Qe3 Qd6 25. Nd4 Ne7 26. Qe5 Qxe5 27. fxe5 Kc7 28. Nxe6+ fxe6 29. Rxe7+ Bd7 30. Rgg7 Rhe8 31. Ref7 Rf8 32. Bg6 Rxf7 33. Rxf7 Kc6 34. Kc1 a5 35. Kd2 Kc5 36. f4 b5 37. Rh7 Bc6 38. Rxh6 Rf8 39. f5 exf5 40. e6 Kd6 41. Bf7 Be8 42. Bxe8 Rxe8 43. Ke3 Ke5 44. Rg6 Rh8 45. h6 b4 46. axb4 axb4 47. e7 Re8 48. h7 f4+ 49. Kf3 1-0


[Site "https://www.chess.com"]

[Event "Titled Tuesday Blitz November 15 Early 2022"]
[White "Makhmudov, Shukhrat"]
[Black "Valle Maytin, Luis Enrique"]
[WhiteFideId "14200775"]
[BlackFideId "3503666"]
[WhiteElo "2135"]
[BlackElo "2225"]
[Result "0-1"]
[Round "11"]
[TimeControl "180+1"]
[Date "2022.11.16"]
[WhiteClock "0:00:15"]
[BlackClock "0:01:06"]

1. e4 c6 2. Nc3 d5 3. d4 dxe4 4. Nxe4 Nf6 5. Nxf6+ exf6 6. c3 Bd6 7. Bd3 O-O 8. Qc2 Re8+ 9. Ne2 h5 10. O-O h4 11. h3 Nd7 12. Bf4 Nf8 13. Bxd6 Qxd6 14. Rae1 Be6 15. b3 Rad8 16. Rd1 b5 17. c4 a6 18. Nc3 Qc7 19. d5 cxd5 20. cxd5 Bc8 21. b4 Qf4 22. a3 Qg5 23. d6 Bxh3 24. f4 Qg4 25. Rf3 Rc8 26. Rd2 Bxg2 27. Rxg2 Qxf3 28. d7 Re1+ 29. Kh2 Qxf4+ 30. Kh3 Rh1+ 31. Rh2 Qg3# 0-1


[Site "https://www.chess.com"]

[Event "Titled Tuesday Blitz November 15 Early 2022"]
[White "Malka, Samuel"]
[Black "Novikova, Galina"]
[WhiteFideId "20643675"]
[BlackFideId "4157095"]
[WhiteElo "2470"]
[BlackElo "1973"]
[Result "0-1"]
[Round "11"]
[TimeControl "180+1"]
[Date "2022.11.16"]
[WhiteClock "0:00:08"]
[BlackClock "0:00:24"]

1. d4 e6 2. c4 d5 3. Nf3 c6 4. Nbd2 Nf6 5. g3 Be7 6. Bg2 O-O 7. O-O b6 8. Qc2 Bb7 9. e4 dxe4 10. Nxe4 Nbd7 11. Rd1 Nxe4 12. Qxe4 Nf6 13. Qe2 Qc8 14. Bf4 Re8 15. Qc2 c5 16. Be5 cxd4 17. Rxd4 Nd7 18. Bd6 Nc5 19. Bxe7 Rxe7 20. Rh4 h6 21. Ng5 f5 22. Nf3 Be4 23. Qc3 Qb7 24. Ne1 Rd8 25. Qe5 Rd2 26. b4 Bxg2 27. Nxg2 Ne4 28. Rf1 Qd7 29. Nf4 Rd1 30. Ng6 Rxf1+ 31. Kxf1 Qd3+ 32. Kg2 Re8 33. Nf4 Qe2 34. Qd4 Qe1 35. Nh5 e5 36. Qd5+ Kh7 37. Rxe4 Qxe4+ 38. Qxe4 fxe4 39. Kf1 Re6 40. b5 g6 0-1


[Site "https://www.chess.com"]

[Event "Titled Tuesday Blitz November 15 Early 2022"]
[White "Manelyuk, Daniil"]
[Black "Piesik, Piotr"]
[WhiteFideId "44173920"]
[BlackFideId "1136194"]
[WhiteElo "2209"]
[BlackElo "2316"]
[Result "0-1"]
[Round "11"]
[TimeControl "180+1"]
[Date "2022.11.16"]
[WhiteClock "0:00:15"]
[BlackClock "0:00:16"]

1. e4 g6 2. d4 Bg7 3. Nf3 c6 4. Nc3 d6 5. Be3 Nf6 6. Qd2 O-O 7. h4 h5 8. Bh6 b5 9. Bd3 Bg4 10. O-O-O Qa5 11. Kb1 b4 12. Ne2 e5 13. dxe5 dxe5 14. Bxg7 Kxg7 15. Qg5 Nbd7 16. Ng3 Rfe8 17. Bc4 Nb6 18. Bb3 Qc5 19. Nf5+ Bxf5 20. exf5 Ne4 21. Qc1 Nxf2 22. Rdf1 e4 23. f6+ Kxf6 24. Ng5 e3 25. Bxf7 Re5 26. Bb3 Kg7 27. Rhg1 Rae8 28. Re1 Nc4 29. Nf3 R5e7 30. Re2 a5 31. Rge1 Nb6 32. Ng5 a4 33. Bf7 Rxf7 34. Nxf7 Kxf7 35. Rxe3 Rxe3 36. Rxe3 Ng4 37. Rf3+ Kg7 38. Qd2 Nd5 39. Qe1 Qd4 40. Rd3 Qf6 41. Rf3 Qe5 42. Qxe5+ Nxe5 43. Rf1 Ng4 44. g3 Nge3 45. Rf3 a3 46. bxa3 bxa3 47. Kc1 Nf5 48. Rxa3 Kf6 49. Rf3 Ke5 50. a4 Nd4 51. Rd3 Ne6 52. a5 Nc5 53. Re3+ Nxe3 54. Kd2 Nc4+ 55. Kc3 Nxa5 56. Kb4 Nab7 57. Kc3 Kd5 58. Kd2 Kc4 59. g4 hxg4 60. Ke2 Ne6 61. Kf2 Nd6 62. Kg3 Kc3 63. Kxg4 Kxc2 64. h5 gxh5+ 65. Kxh5 c5 66. Kg4 c4 67. Kf3 c3 68. Ke3 Kb2 69. Ke2 c2 70. Kd2 c1=Q+ 71. Ke2 Qc4+ 72. Kf2 Qf4+ 73. Ke1 Qh2 74. Kd1 Nf4 75. Ke1 Qe2# 0-1


[Site "https://www.chess.com"]

[Event "Titled Tuesday Blitz November 15 Early 2022"]
[White "Manukyan, Sargis A."]
[Black "Csonka, Balazs"]
[WhiteFideId "13303970"]
[BlackFideId "742910"]
[WhiteElo "2187"]
[BlackElo "2404"]
[Result "0-1"]
[Round "11"]
[TimeControl "180+1"]
[Date "2022.11.16"]
[WhiteClock "0:00:13"]
[BlackClock "0:00:04"]

1. d4 Nf6 2. c4 g6 3. Nc3 Bg7 4. e4 O-O 5. Nf3 d6 6. Be2 e5 7. O-O Nc6 8. d5 Ne7 9. Ne1 Nd7 10. Nd3 f5 11. Bd2 Nf6 12. f3 f4 13. c5 g5 14. cxd6 cxd6 15. Nf2 Rf7 16. Qc2 Bf8 17. Rfc1 a6 18. a4 Rg7 19. h3 h5 20. Qd1 g4 21. fxg4 hxg4 22. hxg4 Ng6 23. a5 Nh4 24. Na4 Nxg2 25. Rxc8 Rxc8 26. Kxg2 Nh5 27. Ra3 Ng3 28. Nb6 Rcc7 29. Nh1 Nxe4 30. Rh3 Ng5 31. Rh5 Rcf7 32. Rxg5 Rxg5 33. Nf2 Rh7 34. Qc2 Rgg7 35. Qf5 Qh4 36. Qe6+ Rf7 37. Qg6+ Rhg7 38. Qe4 Qg3+ 39. Kf1 f3 40. Bd3 Qg2+ 41. Ke1 Qg1+ 42. Bf1 Rh7 43. Nc4 Rh2 44. Ne3 Qxf2+ 45. Kd1 Qxd2# 0-1


[Site "https://www.chess.com"]

[Event "Titled Tuesday Blitz November 15 Early 2022"]
[White "Melian, Juan Sebastian"]
[Black "Kirillov, Dmitry"]
[WhiteFideId "3706575"]
[BlackFideId "34180572"]
[WhiteElo "2044"]
[BlackElo "2095"]
[Result "0-1"]
[Round "11"]
[TimeControl "180+1"]
[Date "2022.11.16"]
[WhiteClock "0:00:19"]
[BlackClock "0:00:20"]

1. d4 d5 2. c4 e6 3. Nc3 c6 4. e3 f5 5. Bd3 Bd6 6. Nge2 Nf6 7. h4 O-O 8. h5 h6 9. Nf4 Bxf4 10. exf4 dxc4 11. Bxc4 b5 12. Bb3 a5 13. a3 a4 14. Ba2 Na6 15. Qe2 Nc7 16. Be3 Ba6 17. Qf3 Ncd5 18. Rc1 b4 19. Nxd5 cxd5 20. axb4 Ne4 21. Qd1 Qb6 22. f3 Ng3 23. Rg1 Qxb4+ 24. Qd2 Qxd2+ 25. Bxd2 Ne2 26. Kf2 Nxg1 27. Rxg1 Rfc8 28. Ke3 Rc2 29. Bc3 Re2# 0-1


[Site "https://www.chess.com"]